 Dungeon Crawl Stone Soup version 0.21.1-1-g345015fe64 (webtiles) character file.

4808 Kohma the Carver (level 10, -1/70 HPs)
             Began as a Demonspawn Berserker on June 25, 2018.
             Was a High Priest of Trog.
             Killed by divine providence
             ... invoked by an orc priest
              (12 damage)
             ... on level 10 of the Dungeon.
             The game lasted 00:36:39 (10597 turns).

Kohma the Carver (Demonspawn Berserker)            Turns: 10597, Time: 00:36:39

Health: -1/70      AC: 21    Str: 21    XL:     10   Next: 24%
Magic:  10/10      EV:  7    Int:  9    God:    Trog [*****.]
Gold:   449        SH:  9    Dex: 16    Spells: 9/9 levels left

rFire    . . .     SeeInvis .   a - +6 scimitar (flame)
rCold    . . .     Gourm    .   d - +0 buckler
rNeg     . . .     Faith    .   r - +0 plate armour
rPois    .         Spirit   .   C - +2 helmet
rElec    .         Reflect  .   J - +0 cloak
rCorr    .         Harm     .   o - +2 pair of gloves
MR       +++..                  (no boots)
Stlth    ..........             (no amulet)
HPRegen  1.21/turn              F - ring of protection from magic
MPRegen  0.12/turn              O - +4 ring of dexterity

@: regenerating
A: hooves 1, large bone plates 1, demonic guardian 2
a: Berserk, Trog's Hand, Brothers in Arms, Burn Spellbooks, Renounce Religion


You were on level 10 of the Dungeon.
You worshipped Trog.
Trog was extremely pleased with you.
You were hungry.

You visited 2 branches of the dungeon, and saw 11 of its levels.
You also visited: Sewer.

You collected 449 gold pieces.

Inventory:

Hand Weapons
 a - a +6 scimitar of flaming (weapon)
 B - a +0 shortbow
 R - a +4 great sword
Missiles
 b - 73 bolts
 g - 334 stones (quivered)
 m - 64 sling bullets
 q - 196 arrows
 M - 9 tomahawks of dispersal
 P - a throwing net
Armour
 d - a +0 buckler (worn)
 o - a +2 pair of gloves (worn)
 r - a +0 plate armour (worn)
 C - a +2 helmet (worn)
 J - a +0 cloak (worn)
Jewellery
 F - a ring of protection from magic (left hand)
 O - a +4 ring of dexterity (right hand)
Wands
 v - a wand of random effects (33)
 E - a wand of iceblast (14)
 G - a wand of clouds (5)
 I - a wand of paralysis (21)
 N - a wand of enslavement (12)
 Q - a wand of polymorph (10)
 T - a wand of flame (55)
Scrolls
 f - 3 scrolls of remove curse
 j - 7 scrolls of teleportation
 p - a scroll of torment {unknown}
 w - 2 scrolls of magic mapping
 y - a scroll of fear
 K - a scroll of fog
 L - a scroll of identify
Potions
 e - 2 potions of lignification
 h - a potion of brilliance
 i - a potion of ambrosia {unknown}
 k - a potion of haste
 l - 2 potions of flight
 n - a potion of mutation
 s - a potion of might
 t - 4 potions of curing
 u - 2 potions of magic
 x - 3 potions of heal wounds
 z - 2 potions of invisibility
 A - a potion of cancellation
 D - a potion of berserk rage {unknown}
Comestibles
 c - 18 rations
 H - 6 chunks of flesh


   Skills:
 - Level 3.0 Fighting
 * Level 11.3 Long Blades
 + Level 7.2 Armour
 - Level 1.7 Dodging
 - Level 4.0 Shields


You had 9 spell levels left.
You didn't know any spells.

Dungeon Overview and Level Annotations

Branches:
Dungeon (10/15)            Temple (1/1) D:7            Lair (0/6) D:10
    Orc (0/2) D:10

Altars:
Ashenzari
Cheibriados
Dithmenos
Elyvilon
Fedhas
Gozag
Hepliaklqana
Kikubaaqudgha
Makhleb
Nemelex Xobeh
Okawaru
Qazlal
Ru
Sif Muna
Trog
Uskayaw
Vehumet
Wu Jian
Xom
Yredelemnul
Zin
The Shining One

Shops:
D:8 [

Annotations:
D:3 exclusion: downstairs


Innate Abilities, Weirdness & Mutations

You have large cloven feet.
You are partially covered in large bone plates. (SH +4)
A demonic guardian rushes to your aid.


Message History

Your kick misses the orc warrior.
The orc warrior is almost dead.
The orc priest mumbles some strange prayers to Beogh against you.
Beogh smites you!
* * * LOW HITPOINT WARNING * * *
You hit the orc warrior but do no damage.
You kill the orc warrior!
Trog accepts your kill.
You hit the orc priest but do no damage.
The orc priest hits you but does no damage.
Your skin crawls.
You feel resistant to hostile enchantments.
You are feeling hungry.
You block the orc priest's attack.
The orc priest mumbles some strange prayers to Beogh against you.
Beogh smites you!
* * * LOW HITPOINT WARNING * * *
The orc priest mumbles some strange prayers to Beogh against you.
Beogh smites you!
You die...

#.##...####...##....#.
#.....##..##...##...#.
#...8.+...)'.8..#...##
........##..##....##....
......##...####......#....
........##........##..#...>
........ #+##########.##...
........##........##...####
#########.@.####.......##).
#.8.##..##.8....##..
#...oo?).+......>#..
#.8.##..##.8....##.. ##...
##.......#... ##..
...##...##.. #+##
#######.###.. .# #.. #..


You could see an orc priest.

Vanquished Creatures
  Erica (D:8)
  Edmund (D:5)
  2 hungry ghosts
  Purgy (Sewer)
  5 orc warriors
  A sky beast (D:6)
  3 ogres
  A centaur (D:5)
  A gnoll sergeant (D:6)
  A wyvern zombie (D:7)
  4 scorpions
  2 howler monkeys
  2 killer bees (D:9)
  9 wights
  A bullfrog zombie (D:6)
  3 crimson imps
  A centaur zombie (D:6)
  A jelly (D:6)
  An orc priest (D:8)
  2 orc wizards
  4 hounds
  2 centaur skeletons
  Natasha (thrice) (D:3)
  3 worker ants
  A killer bee zombie (D:8)
  A hound zombie (D:5)
  A hound skeleton (D:8)
  A worker ant zombie (D:5)
  4 gnolls
  19 adders
  An adder zombie (D:5)
  2 adder skeletons
  4 worms
  2 dart slugs
  12 leopard geckos
  15 orcs
  5 ball pythons
  10 giant cockroaches
  11 goblins
  5 hobgoblins
  12 jackals
  3 quokkas
  3 bats
  8 frilled lizards
  20 kobolds
  A leopard gecko skeleton (D:5)
  A leopard gecko zombie (D:5)
  8 rats
  2 plants (D:2)
207 creatures vanquished.

Vanquished Creatures (collateral kills)
  Erolcha (D:9)
  A hippogriff (D:9)
  A black bear (D:8)
  A sky beast (D:9)
  An ogre (D:5)
  A centaur (D:5)
  2 big kobolds (D:8)
  A scorpion (D:7)
  2 killer bees (D:9)
  A howler monkey (D:7)
  An orc priest (D:4)
  An orc wizard (D:4)
  2 centaur zombies
  A bullfrog skeleton (D:8)
  A gnoll (D:6)
  An adder (D:8)
  A shadow imp (D:7)
  2 adder skeletons
  5 orcs
  A leopard gecko skeleton (D:9)
28 creatures vanquished.

Grand Total: 235 creatures vanquished

Notes
Turn   | Place    | Note
-------+----------+-------------------------------------------
     0 | D:1      | Kohma the Demonspawn Berserker began the quest for the Orb.
     0 | D:1      | Reached XP level 1. HP: 18/18 MP: 1/1
   415 | D:1      | Reached skill level 3 in Long Blades
   418 | D:1      | Gained mutation: You have large cloven feet. [demonic ancestry]
   418 | D:1      | Reached XP level 2. HP: 13/24 MP: 2/2
   633 | D:1      | Reached skill level 1 in Shields
   946 | D:1      | Reached ** piety under Trog
  1345 | D:2      | Reached XP level 3. HP: 29/29 MP: 3/3
  1681 | D:2      | Reached XP level 4. HP: 5/35 MP: 4/4
  2456 | D:3      | Found a shadowy altar of Dithmenos.
  2490 | D:3      | Reached skill level 4 in Long Blades
  2619 | D:3      | Found a sparkling altar of Nemelex Xobeh.
  2867 | D:3      | Reached *** piety under Trog
  3000 | D:3      | Gained mutation: A weak demonic guardian rushes to your aid. [demonic ancestry]
  3000 | D:3      | Reached XP level 5. HP: 39/41 MP: 5/5
  3034 | D:3      | Found a sacrificial altar of Ru.
  3084 | D:3      | Noticed Natasha
  3098 | D:3      | Killed Natasha
  3109 | D:3      | Found a stormy altar of Qazlal.
  3202 | D:3      | Noticed Natasha
  3209 | D:3      | Killed Natasha
  3397 | D:3      | Noticed Natasha
  3401 | D:3      | Killed Natasha
  4074 | D:4      | Gained mutation: A demonic guardian rushes to your aid. [demonic ancestry]
  4074 | D:4      | Reached XP level 6. HP: 37/47 MP: 6/6
  4689 | D:4      | Reached skill level 5 in Long Blades
  4854 | D:5      | Entered Level 5 of the Dungeon
  4868 | D:5      | Found a burning altar of Makhleb.
  5165 | D:5      | Got a warped cloak
  5170 | D:5      | Identified the +1 cloak of Jyin {*Corrode *Drain +Inv rElec} (You found it on level 5 of the Dungeon)
  5237 | D:5      | Gained mutation: You are partially covered in large bone plates. (SH +4) [demonic ancestry]
  5237 | D:5      | Reached XP level 7. HP: 52/52 MP: 7/7
  5307 | D:5      | Reached skill level 6 in Long Blades
  5507 | D:5      | Found an opulent altar of Gozag.
  6046 | D:5      | Found a basalt altar of Yredelemnul.
  6352 | D:5      | Noticed Edmund
  6364 | D:5      | Killed Edmund
  6417 | D:6      | Reached skill level 7 in Long Blades
  6434 | D:5      | Reached **** piety under Trog
  6434 | D:5      | Reached XP level 8. HP: 41/58 MP: 8/8
  6824 | D:6      | Found a glowing drain.
  6844 | Sewer    | Entered a sewer
  6902 | Sewer    | Noticed Purgy
  6924 | Sewer    | Killed Purgy
  7183 | D:6      | Reached skill level 8 in Long Blades
  7630 | D:7      | Found a staircase to the Ecumenical Temple.
  7770 | Temple   | Entered the Ecumenical Temple
  7987 | D:7      | Found a white marble altar of Elyvilon.
  8104 | D:7      | Found a shattered altar of Ashenzari.
  8162 | D:7      | Found a snail-covered altar of Cheibriados.
  8371 | D:7      | Found a stormy altar of Qazlal.
  8455 | D:8      | Reached skill level 9 in Long Blades
  8455 | D:8      | Reached skill level 5 in Armour
  8651 | D:8      | Reached XP level 9. HP: 60/63 MP: 9/9
  8780 | D:8      | Reached ***** piety under Trog
  8857 | D:8      | Found Beovaas's Armour Emporium.
  8972 | D:8      | Noticed Erica
  8993 | D:8      | Killed Erica
  8993 | D:8      | Reached skill level 10 in Long Blades
  9504 | D:9      | Noticed Erolcha
  9517 | D:9      | Killed Erolcha
  9560 | D:9      | Reached XP level 10. HP: 55/70 MP: 10/10
  9967 | D:9      | Found a bloodstained altar of Trog.
 10080 | D:9      | Found a deep blue altar of Sif Muna.
 10157 | D:9      | Reached skill level 11 in Long Blades
 10190 | D:10     | Entered Level 10 of the Dungeon
 10241 | D:10     | Received a gift from Trog
 10256 | D:10     | Found a staircase to the Lair.
 10570 | D:10     | Found a staircase to the Orcish Mines.
 10597 | D:10     | Killed from afar by an orc priest

Skill      XL: |  1  2  3  4  5  6  7  8  9 10 |
---------------+-------------------------------+-----
Long Blades    | 3 4 5 7 9 10 11 | 11.3
Shields        | 1 2 3 4 |  4.0
Armour         | 3 5 6 7 |  7.2
Fighting       | |  3.0
Dodging        | |  1.7

Action                   |  1- 3 |  4- 6 |  7- 9 | 10-12 || total
-------------------------+-------+-------+-------+-------++-------
Melee: Falchion          |   165 |   234 |   312 |       ||   711
       Kick              |    62 |    72 |   142 |    22 ||   298
       Long sword        |       |       |   103 |       ||   103
       Scimitar          |       |       |    32 |    73 ||   105
Throw: Stone             |       |       |     5 |       ||     5
Invok: Berserk           |     1 |     2 |     3 |       ||     6
       Trog's Hand       |       |     1 |     3 |     1 ||     5
  Use: Scroll            |       |    12 |     6 |     7 ||    25
       Potion            |       |     1 |       |       ||     1
  Eat: Chunk             |     4 |    10 |    11 |     5 ||    30
       Ration            |       |     1 |     3 |       ||     4
Armor: Animal skin       |     7 |       |       |       ||     7
       Leather armour    |     6 |     2 |       |       ||     8
       Plate armour      |       |   132 |   255 |    30 ||   417
Dodge: Dodged            |    45 |    63 |   114 |    13 ||   235
Block: Buckler           |    15 |    41 |   206 |    39 ||   301
       Rpst.: Falchion   |    12 |    22 |    17 |       ||    51
       Long sword        |       |       |    11 |       ||    11
       Scimitar          |       |       |     1 |     2 ||     3
